Map: Abyssal Reef LE

Players

Blodir

  • Race: Zerg Zerg
  • League: Diamond
  • Spawn Location: 5:00

Antis - Winner!

  • Race: Protoss Protoss
  • League: Grandmaster
  • Spawn Location: 11:00

VOD

Have the link to the VOD?

Description

Time

  • Played on: June 27, 2017, 1:43 a.m.
  • Length: 4:49
Show
View Real Time Build Order
Export as new Build Order

Blodir Zerg 

Build Orders: Hatch First 

Get SALT Encoding   

  12  0:01  Drone  
  13  0:13  Overlord  
  13  0:17  Drone  
  14  0:31  Drone x2  
  14  0:35  Drone  
  17  0:53  Hatchery  
  17  0:56  Drone  
  17  1:00  Extractor  
  17  1:01  Drone  
  17  1:15  Spawning Pool  
  16  1:19  Drone  
  16  1:22  Drone  
  18  1:33  Overlord  
  18  1:42  Drone  
  19  1:51  Drone  
  20  2:02  Queen  
  20  2:05  Queen  
  20  2:07  Zergling x2  
  25  2:08  Zergling x2  
  26  2:16  Metabolic Boost  
  26  2:18  Drone  
  26  2:21  Drone  
  28  2:26  Drone  
  28  2:28  Drone  
  30  2:41  Queen  
  30  2:44  Pneumatized Carapace  
  32  2:48  Evolution Chamber  
  31  2:53  Overlord  
  31  2:56  Drone  
  32  3:00  Drone  
  34  3:05  Drone x2  
  34  3:06  Drone  
  35  3:24  Overlord  
  35  3:26  Zergling x8  
  39  3:30  Zergling x4  
  41  3:38  Zergling x4  
  41  3:39  Overlord  
  43  3:47  Zergling x8  
  47  3:54  Zergling x6  
  49  4:08  Zergling x6  
  50  4:13  Zergling x2  
  50  4:26  Zergling x2  
  50  4:27  Zergling x4  
Show
View Real Time Build Order
Export as new Build Order

Antis Protoss - Winner!

Build Orders: 1 Gate Expand, Oracle Opening, Phoenix Opening 

Get SALT Encoding   

  12  0:02  Probe (Chrono Boost)  
  13  0:12  Probe (Chrono Boost)  
  14  0:23  Probe (Chrono Boost)  
  14  0:24  Pylon  
  16  0:43  Gateway, Probe (Chrono Boost)  
  16  0:48  Assimilator  
  16  0:53  Probe (Chrono Boost)  
  17  1:04  Probe (Chrono Boost)  
  18  1:14  Probe (Chrono Boost)  
  19  1:25  Probe (Chrono Boost)  
  20  1:32  Nexus  
  20  1:39  Cybernetics Core  
  20  1:44  Probe (Chrono Boost)  
  20  1:45  Assimilator  
  21  1:54  Probe (Chrono Boost)  
  21  1:58  Pylon  
  22  2:05  Warp Gate (Chrono Boost), Probe (Chrono Boost)  
  23  2:16  Adept (Chrono Boost)  
  23  2:17  Probe  
  26  2:29  Probe  
  27  2:32  Stargate  
  27  2:40  Adept (Chrono Boost)  
  27  2:42  Probe (Chrono Boost)  
  30  2:45  Probe (Chrono Boost)  
  31  2:55  Probe (Chrono Boost)  
  31  2:56  Probe (Chrono Boost)  
  31  2:58  Gateway  
  34  3:07  Probe x2 (Chrono Boost)  
  35  3:13  Gateway  
  35  3:17  Probe (Chrono Boost)  
  35  3:18  Probe (Chrono Boost)  
  37  3:20  Oracle (Chrono Boost)  
  40  3:27  Pylon  
  40  3:30  Mothership Core  
  40  3:31  Probe  
  43  3:40  Pylon  
  43  3:43  Probe  
  44  3:51  Probe  
  44  3:53  Phoenix (Chrono Boost)  
  44  3:55  Probe  
  48  4:03  Probe  
  48  4:07  Probe  
  50  4:12  Adept x3  
  50  4:16  Twilight Council, Probe  
  57  4:21  Probe  
  58  4:28  Probe  
  52  4:33  Adept x3, Probe  
  59  4:46  Assimilator  
  59  4:48  Assimilator  
Tags
 
Add a new tag
Caveats
  • Supply blocks, unpowered buildings, or Contaminate may cause inaccurate times.
  • Supply counts are checked every 10 seconds.